 Dungeon Crawl Stone Soup version 0.31.0-10-gcf4a605ca0 (webtiles) character file.

Game seed: 8788078110218818914

38 Gadfly the Ruffian (level 3, -2/28 HPs)
             Began as a Draconian Shapeshifter on Jan 26, 2024.
             Slain by Robin
             ... wielding a +0 club
              (4 damage)
             ... on level 2 of the Dungeon.
             The game lasted 00:01:45 (1053 turns).

Gadfly the Ruffian (Draconian Shapeshifter)         Turns: 1053, Time: 00:01:46

Health: -2/28      AC:  5    Str: 18    XL:     3   Next: 25%
Magic:  3/3        EV: 12    Int: 10    God:
Gold:   53         SH:  0    Dex: 10    Spells: 2/2 levels left

rFire   . .          .
                       - Unarmed
rCold   . . .        (no shield)
rNeg    . . .        (body armour unavailable)
rPois   .            f - melded +1 hat
rElec   .            (cloak currently unavailable)
rCorr   .            (gloves currently unavailable)
SInv    .            (boots currently unavailable)
Will    .....        (no amulet)
Stlth   +            (no ring)
HPRegen 0.24/turn    (no ring)
MPRegen 0.08/turn

%: no passive effects
@: beast-form, weak-willed
A: beast (slay +1), AC +5, unfitting armour, cold-blooded
a: Begin Untransformation


You were on level 2 of the Dungeon.
You were a hulking beast.
You visited 1 branch of the dungeon, and saw 2 of its levels.

You collected 53 gold pieces.

Inventory:

Armour
 f - a +1 hat (melded)
Talismans
 b - a beast talisman (active)
 c - a flux talisman
Scrolls
 e - a scroll of enchant weapon
Potions
 a - a potion of lignification


   Skills:
 + Level 1.4 Fighting
 * Level 2.3 Dodging
 * Level 3.4 Unarmed Combat
 * Level 1.2 Evocations
 + Level 3.1 Shapeshifting


You had 2 spell levels left.
You didn't know any spells.
Your spell library contained the following spells:

 Spells                   Type           Power      Damage    Failure   Level
 Blink                    Tloc           0%         N/A       50%         2
 Lesser Beckoning         Tloc           0%         N/A       50%         2
 Momentum Strike          Conj/Tloc      0%         3d8       50%         2


Dungeon Overview and Level Annotations

Branches:
Dungeon (2/15)

Altars:

Annotations:
D:2 Robin


Innate Abilities, Weirdness & Mutations

You are a hulking beast.
Your limbs bulge with bestial killing power. (Slay +1)
Your plain brown scales are hard. (AC +5)
You cannot fit into any form of body armour.
You are cold-blooded and may be slowed by cold attacks.


Message History

The goblin hits you with a +0 dagger. x2; The hobgoblin completely misses you.
The goblin misses you.
You hit Robin.
Your tail-slap misses Robin.
Robin is lightly wounded.
The goblin hits you but does no damage. The goblin hits you with a +0 dagger.
The goblin closely misses you. The hobgoblin hits you.
The goblin closely misses you.
Robin roars a battlecry!
The goblins go into a battle-frenzy!
The goblin hits you with a +0 dagger. The goblin attacks as it pursues you!
The goblin closely misses you. The goblin attacks as it pursues you!
The goblin hits you but does no damage.
You closely miss the goblin.
Your tail-slap misses the goblin.
The hobgoblin closely misses you. The goblin hits you with a +0 dagger.
The goblin hits you but does no damage.
Okay, then.
You punch the goblin!
You kill the goblin!
The goblin closely misses you. The goblin closely misses you.
Robin barely misses you. The goblin attacks as it pursues you!
The goblin closely misses you. The goblin hits you but does no damage.
The goblin attacks as it pursues you! The goblin hits you with a +0 dagger.
Robin throws the goblin at you! The goblin hits you but does no damage.
You closely miss the goblin. You tail-slap the goblin.
The goblin is severely wounded.
The goblin hits you with a +0 dagger.
* * * LOW HITPOINT WARNING * * *
The goblin hits you with a +0 dagger.
* * * LOW HITPOINT WARNING * * *
The goblin misses you.
As you read the scroll labelled QUT COLORA, it crumbles to dust.
A wave of despondency washes over your surroundings.
It was a scroll of vulnerability.
The hobgoblin hits you but does no damage.
The goblin hits you with a +0 dagger.
* * * LOW HITPOINT WARNING * * *
Robin hits you with a +0 club.
You die...
Robin says, "And that's why I'm the boss."

#......... #.....#
#......... #.....#
####...)....† #.....#
#............ ######.....#
#.##......... ...........
#.##......... ..........#
#.##.........
........gg####.##.........
........gh##...###+#######
.......ggg#............(.#
......).ggg..............#
..........#..............#
..........#..............#
..........#..............#
..(.......#..............#
..........#..............#
..........#..............#


You could see Robin (weak-willed), a hobgoblin (strong, weak-willed) and 7
goblins.

Vanquished Creatures
  A dart slug (D:1)
  6 ball pythons
  2 bats (D:1)
  2 giant cockroaches (D:1)
  4 hobgoblins
  3 kobolds (D:1)
  A quokka (D:1)
  A frilled lizard (D:1)
  9 goblins
  3 rats (D:1)
32 creatures vanquished.

Notes
Turn   | Place    | Note
-------+----------+-------------------------------------------
     0 | D:1      | Gadfly the Draconian Shapeshifter began the quest for the
                  | Orb.
     0 | D:1      | Reached XP level 1. HP: 16/16 MP: 1/1
   118 | D:1      | Reached XP level 2. HP: 12/23 MP: 2/2
   473 | D:1      | Reached skill level 1 in Evocations
   618 | D:1      | Reached XP level 3. HP: 25/28 MP: 3/3
  1038 | D:2      | Noticed Robin
  1053 | D:2      | Slain by Robin

Illustrated notes

Levels and vault maps discovered:
D:1:      heliophobic_arrival_battle_scene, layout_basic,
          chequers_serial_rivers_room_a, serial_bayou_pond_c
D:2:      layout_basic, uniq_natasha, uniq_robin, uniq_crazy_yiuf_cottage

Skill      XL: |  1  2 |
---------------+-------+-----
Dodging        | 2 |  2.3
Evocations     | 1 |  1.2
Fighting       | |  1.4
Unarmed Combat | |  3.4
Shapeshifting  | |  3.1

Action                     || total
---------------------------++-------
  Melee: Unarmed           ||    80
         Tailslap          ||    11
Ability: Begin Untransform ||     1
    Use: Scroll            ||     7
 Armour: Skin              ||    84
  Dodge: Dodged            ||    63
   Form: Beast             ||     1
